 Dungeon Crawl Stone Soup version 0.23.0 (webtiles) character file.

Game seed: 7765254228421807147

13756 Folque the Geomancer (level 11, 0/84 HPs)
             Began as a Purple Draconian Earth Elementalist on Feb 8, 2019.
             Was an Elder of Sif Muna.
             Slain by a freezing wraith (13 damage)
             ... on level 11 of the Dungeon.
             The game lasted 01:04:48 (14216 turns).

Folque the Geomancer (DrEE)                        Turns: 14216, Time: 01:04:51

Health: 0/84       AC: 10    Str: 11    XL:     11   Next: 79%
Magic:  12/21      EV: 14    Int: 19    God:    Sif Muna [****..]
Gold:   524        SH:  0    Dex: 11    Spells: 3/24 levels left

rFire    + . .     SeeInvis .   t - +2 dagger (venom)
rCold    + . .     Gourm    .   (no shield)
rNeg     . . .     Faith    .   (armour unavailable)
rPois    +         Spirit   .   J - +0 hat
rElec    +         Reflect  .   a - +1 cloak
rCorr    +         Harm     .   n - +0 pair of gloves
MR       +....                  (no boots)
Stlth    +++.......             C - amulet of the Albatross {*Corrode +Blink +Inv Regen+}
HPRegen  0.64/turn              m - ring of wizardry
MPRegen  0.17/turn              s - ring of poison resistance

@: resistant, slowed, divine energy, very slow
A: breathe power, unfitting armour, cold-blooded, AC +7
a: Breathe Dispelling Energy, Stop Divine Energy, Channel Magic, Forget Spell,
Renounce Religion, Evoke Blink, Evoke Invisibility


You were on level 11 of the Dungeon.
You worshipped Sif Muna.
Sif Muna was greatly pleased with you.
You were near starving.

You visited 2 branches of the dungeon, and saw 12 of its levels.

You collected 614 gold pieces.
You spent 90 gold pieces at shops.

Inventory:

Hand Weapons
 h - a +1 dagger
 t - a +2 dagger of venom (weapon)
 Q - the +9 hand axe of Patterns {freeze, Str+5 Int+4, unknown}
   (You found it on level 10 of the Dungeon)

   It has been specially enchanted to freeze those struck by it, causing extra
   injury to most foes and up to half again as much damage against particularly
   susceptible opponents.
   It can also slow down cold-blooded creatures.
   It affects your strength (+5).
   It affects your intelligence (+4).
Missiles
 b - 233 stones (quivered)
 e - a throwing net
 u - 4 javelins
Armour
 a - a +1 cloak (worn)
 n - a +0 pair of gloves (worn)
 J - a +0 hat (worn)
Jewellery
 d - an uncursed ring of ice
 j - an uncursed ring of see invisible
 m - a ring of wizardry (left hand)
 r - an uncursed ring of teleportation
 s - a ring of poison resistance (right hand)
 C - the amulet of the Albatross (around neck) {*Corrode +Blink +Inv Regen+}
   (You bought it in a shop on level 6 of the Dungeon)

   [amulet of regeneration]

   It lets you turn invisible.
   It lets you blink.
   It increases your rate of regeneration.
   It may corrode you when you take damage.
Wands
 y - a wand of flame (36)
 B - a wand of iceblast (15)
 I - a wand of enslavement (20)
 L - a wand of polymorph (9)
Scrolls
 f - a scroll of enchant weapon
 v - a scroll of amnesia
 w - a scroll of fog
 z - a scroll of teleportation
 E - a scroll of holy word {unknown}
 F - a scroll of noise {unknown}
 G - a scroll of blinking {unknown}
 H - 2 scrolls of remove curse
 N - a scroll of enchant armour {unknown}
Potions
 g - a potion of flight {unknown}
 i - 3 potions of mutation
 k - a potion of might {unknown}
 l - a potion of cancellation {unknown}
 o - 3 potions of agility
 p - a potion of lignification {unknown}
 q - a potion of curing
 x - 2 potions of brilliance
 D - a potion of heal wounds
 K - 2 potions of haste
 O - 2 potions of magic {unknown}
 P - a potion of ambrosia {unknown}
Comestibles
 c - 9 rations


   Skills:
 - Level 4.0 Fighting
 - Level 3.0 Short Blades
 - Level 5.1 Dodging
 + Level 5.4 Stealth
 - Level 7.0 Spellcasting
 - Level 4.0 Conjurations
 - Level 4.1 Hexes
 - Level 3.1 Transmutations
 * Level 12.2 Earth Magic
 - Level 6.0 Invocations
 - Level 6.0 Evocations


You had 3 spell levels left.
You knew the following spells:

 Your Spells              Type           Power        Failure   Level  Hunger
a - Sandblast             Erth           ######       1%          1    None
b - Passwall              Tmut/Erth      #####...     1%          2    None
c - Stone Arrow           Conj/Erth      #####.       1%          3    #......
d - Lee's Rapid Deconstr  Erth           ######....   1%          5    #####..
e - Petrify               Tmut/Erth      #####...     1%          4    ###....
f - Tukima's Dance        Hex            ###.....     2%          3    #......
g - Dazzling Spray        Conj/Hex       ###...       2%          3    #......

Your spell library contained the following spells:

 Spells                   Type           Power        Failure   Level  Hunger
 Confusing Touch          Hex            ###...       1%          1    None
 Corona                   Hex            ###....      1%          1    None
 Ensorcelled Hibernation  Hex/Ice        ##....       2%          2    None
 Confuse                  Hex            ###.....     2%          3    #......
 Animate Skeleton         Necr           N/A          4%          1    None
 Apportation              Tloc           #.....       4%          1    None
 Summon Small Mammal      Summ           #...         4%          1    None


Dungeon Overview and Level Annotations

Branches:
Dungeon (11/15)            Temple (1/1) D:4            Lair (0/6) D:11
    Orc: D:9-12

Altars:
Ashenzari
Cheibriados
Dithmenos
Elyvilon
Fedhas
Gozag
Hepliaklqana
Kikubaaqudgha
Makhleb
Nemelex Xobeh
Okawaru
Qazlal
Ru
Sif Muna
Trog
Uskayaw
Vehumet
Wu Jian
Xom
Yredelemnul
Zin
The Shining One
Beogh

Shops:
D:6 *

Annotations:
D:10 1 runed translucent door, HEYYEYAAE's ghost, journeyman OpHu


Innate Abilities, Weirdness & Mutations

You can breathe bolts of dispelling energy.
Your rich purple scales are hard. (AC +7)
You cannot fit into any form of body armour.
You are cold-blooded and may be slowed by cold attacks.


Message History

The freezing wraith hits you. The freezing wraith freezes you!!
You feel as though you will be slow longer.
* * * LOW HITPOINT WARNING * * *
The freezing wraith hits you.
* * * LOW HITPOINT WARNING * * *
The freezing wraith drains your vigour!
You feel as though you will be slow longer.
The freezing wraith closely misses you. The freezing wraith barely misses you.
You feel much better. The freezing wraith hits you!
The freezing wraith freezes you!
* * * LOW HITPOINT WARNING * * *
The freezing wraith misses you.
You feel protected.
The freezing wraith closely misses you. x2; The two-headed ogre misses you.
The two-headed ogre barely misses you. The freezing wraith hits you!
* * * LOW HITPOINT WARNING * * *
The freezing wraith freezes you. You resist.
* * * LOW HITPOINT WARNING * * *
The freezing wraith hits you!
You die...

######## ##......##
##........## #.
#......[<..# #..
#..........# #..#
#..........# #..!##
#....[.....# #....##
#....W..[..#
###....######..O@.[..##
...##..O..............#
......W...##)....).[..#
..)#...##.##..........#
..)>...##..#..........#
....##(###.#..[.......#
..####.# #...........##
## #.# ###.#......##
#.. #.#####.##


You could see a two-headed ogre and a freezing wraith.

Vanquished Creatures
  Harold (D:8)
  A hydra (D:10)
  Erica (D:8)
  A two-headed ogre (D:9)
  Joseph (D:7)
  A centaur zombie (D:11)
  A gargoyle (D:10)
  4 trolls
  Grinder (D:5)
  A hippogriff (D:11)
  A vampire (D:9)
  6 yaks (D:10)
  Grum (D:10)
  A hungry ghost (D:10)
  A water moccasin (D:5)
  5 ice beasts
  A black bear (D:8)
  A hornet zombie (D:6)
  9 orc warriors
  2 phantoms
  4 sky beasts
  7 ogres
  2 wolves (D:10)
  5 centaurs
  A crocodile (D:10)
  A big kobold (D:11)
  10 bullfrogs
  A wyvern skeleton (D:9)
  6 scorpions
  9 killer bees
  2 howler monkeys
  6 wights
  3 electric eels (D:7)
  A bullfrog zombie (D:7)
  7 crimson imps
  2 jellies
  A quasit (D:10)
  A gnoll shaman (D:7)
  10 orc priests
  3 hounds
  8 orc wizards
  5 bullfrog skeletons
  2 centaur skeletons
  4 iguanas
  4 worker ants
  A hound zombie (D:6)
  A hound skeleton (D:3)
  A worker ant zombie (D:6)
  12 gnolls
  11 adders
  A shadow imp (D:10)
  2 worms
  3 dart slugs
  13 leopard geckos
  61 orcs
  4 ball pythons
  9 bats
  9 giant cockroaches
  10 goblins
  3 hobgoblins
  10 jackals
  8 kobolds
  2 quokkas (D:4)
  5 frilled lizards
  A jackal skeleton (D:7)
  2 leopard gecko skeletons
  2 rats (D:1)
317 creatures vanquished.

Vanquished Creatures (collateral kills)
  A two-headed ogre (D:9)
  2 orcs
3 creatures vanquished.

Vanquished Creatures (others)
  3 dancing weapons
  7 plants
10 creatures vanquished.

Grand Total: 330 creatures vanquished

Notes
Turn   | Place    | Note
-------+----------+-------------------------------------------
     0 | D:1      | Folque the Draconian Earth Elementalist began the quest for
                  | the Orb.
     0 | D:1      | Reached XP level 1. HP: 14/14 MP: 3/3
   161 | D:1      | Reached skill level 1 in Fighting
   188 | D:1      | Reached XP level 2. HP: 17/23 MP: 0/5
   772 | D:1      | Learned a level 2 spell: Passwall
  1312 | D:2      | Reached XP level 3. HP: 29/29 MP: 6/6
  1324 | D:2      | Learned a level 3 spell: Stone Arrow
  2112 | D:2      | Reached XP level 4. HP: 35/36 MP: 4/8
  2520 | D:3      | Reached XP level 5. HP: 41/41 MP: 0/10
  2527 | D:3      | Learned a level 5 spell: Lee's Rapid Deconstruction
  2551 | D:3      | Reached skill level 4 in Earth Magic
  3405 | D:4      | Found a sparkling altar of Nemelex Xobeh.
  3439 | D:4      | Found a staircase to the Ecumenical Temple.
  3500 | Temple   | Entered the Ecumenical Temple
  3681 | Temple   | Became a worshipper of Sif Muna the Loreminder
  4194 | D:4      | Reached XP level 6. HP: 48/48 MP: 5/12
  4445 | D:4      | Reached skill level 1 in Conjurations
  4732 | D:4      | Reached skill level 5 in Spellcasting
  4732 | D:4      | Reached skill level 5 in Earth Magic
  4739 | D:4      | Learned a level 4 spell: Petrify
  5388 | D:5      | Entered Level 5 of the Dungeon
  5516 | D:5      | Your scales start taking on a rich purple colour.
  5516 | D:5      | Reached XP level 7. HP: 55/55 MP: 12/16
  5676 | D:5      | Noticed Grinder
  6117 | D:5      | Reached skill level 6 in Earth Magic
  6300 | D:5      | Killed Grinder
  6300 | D:5      | Reached * piety under Sif Muna
  6300 | D:5      | Reached skill level 1 in Short Blades
  6300 | D:5      | Reached XP level 8. HP: 61/61 MP: 6/17
  6587 | D:5      | Reached skill level 7 in Earth Magic
  7170 | D:6      | Reached ** piety under Sif Muna
  7326 | D:6      | Found Voshak's Assorted Antiques.
  7338 | D:6      | Bought a faintly glowing bone amulet for 90 gold pieces
  7338 | D:6      | Identified the amulet of the Albatross {*Corrode +Blink
                  | +Inv Regen+} (You bought it in a shop on level 6 of the
                  | Dungeon)
  7443 | D:6      | Reached skill level 1 in Invocations
  7833 | D:7      | Reached XP level 9. HP: 68/68 MP: 7/18
  7833 | D:7      | Reached skill level 8 in Earth Magic
  8008 | D:7      | Noticed Joseph
  8027 | D:7      | Killed Joseph
  8325 | D:7      | Learned a level 3 spell: Tukima's Dance
  8329 | D:7      | Learned a level 3 spell: Dazzling Spray
  9433 | D:8      | Noticed Erica
  9435 | D:8      | Reached skill level 1 in Hexes
  9577 | D:8      | Reached XP level 10. HP: 78/78 MP: 13/20
  9592 | D:7      | Reached skill level 5 in Dodging
  9721 | D:8      | Reached *** piety under Sif Muna
  9899 | D:8      | Killed Erica
  9899 | D:8      | Reached skill level 9 in Earth Magic
 10109 | D:8      | Found a sacrificial altar of Ru.
 10330 | D:8      | Noticed Harold
 10366 | D:8      | Killed Harold
 10748 | D:9      | Noticed a two-headed ogre
 10764 | D:9      | Killed a two-headed ogre
 10764 | D:9      | Reached skill level 10 in Earth Magic
 11003 | D:9      | Noticed a two-headed ogre
 11032 | D:9      | Killed a two-headed ogre
 11032 | D:9      | Reached skill level 5 in Invocations
 11381 | D:9      | Reached XP level 11. HP: 83/84 MP: 7/21
 11537 | D:9      | Found a roughly hewn altar of Beogh.
 11554 | D:9      | Reached **** piety under Sif Muna
 12041 | D:10     | Entered Level 10 of the Dungeon
 12183 | D:10     | Noticed Grum
 12191 | D:10     | Reached skill level 5 in Evocations
 12458 | D:10     | Found a runed translucent door.
 12459 | D:10     | Noticed HEYYEYAAE's ghost (journeyman OpHu)
 12464 | D:10     | Identified the +6 trident "Qyimoiliff" {pierce, rPois rN+
                  | Str+2 Dex-5}
 12491 | D:10     | Reached skill level 11 in Earth Magic
 12628 | D:10     | Killed Grum
 12814 | D:10     | Got an ivory hand axe
 13277 | D:11     | Noticed an eight-headed hydra
 13403 | D:11     | Noticed a two-headed ogre
 13683 | D:11     | Found a staircase to the Lair.
 13766 | D:11     | Reached skill level 5 in Stealth
 13985 | D:11     | Reached skill level 12 in Earth Magic
 14095 | D:10     | Killed an eight-headed hydra
 14216 | D:11     | Slain by a freezing wraith

Skill      XL: |  1  2  3  4  5  6  7  8  9 10 11 |
---------------+----------------------------------+-----
Fighting       | 1 2 4 |  4.0
Spellcasting   | 3 4 6 7 |  7.0
Earth Magic    | 4 5 6 7 8 10 12 | 12.2
Conjurations   | 1 4 |  4.0
Stealth        | 2 3 5 |  5.4
Transmutations | 3 |  3.1
Dodging        | 2 4 5 |  5.1
Short Blades   | 1 3 |  3.0
Invocations    | 1 4 5 6 |  6.0
Hexes          | 1 4 |  4.1
Evocations     | 4 6 |  6.0

Action                   |  1- 3 |  4- 6 |  7- 9 | 10-12 || total
-------------------------+-------+-------+-------+-------++-------
Melee: Unarmed           |    31 |       |       |       ||    31
       Tailslap          |    12 |    10 |    24 |    30 ||    76
       Dagger            |    94 |   139 |   152 |   279 ||   664
 Cast: Sandblast         |    25 |    23 |    22 |    34 ||   104
       Stone Arrow       |     3 |    26 |    47 |    64 ||   140
       Lee's Rapid Decon |       |     2 |    22 |    29 ||    53
       Petrify           |       |       |    23 |    38 ||    61
       Tukima's Dance    |       |       |       |    17 ||    17
       Dazzling Spray    |       |       |       |     8 ||     8
Invok: Divine Energy     |       |       |     1 |       ||     1
 Abil: Breathe Dispellin |       |       |     1 |       ||     1
       Evoke Blink       |       |       |       |     4 ||     4
Evoke: Wand              |       |       |       |     6 ||     6
  Use: Scroll            |     4 |     3 |     9 |     1 ||    17
       Potion            |       |     1 |       |     3 ||     4
 Stab: Sleeping          |     5 |     6 |     1 |       ||    12
       Petrified         |       |       |    26 |    73 ||    99
       Petrifying        |       |       |     2 |       ||     2
       Invisible         |       |       |       |     1 ||     1
  Eat: Chunk             |     4 |    12 |    16 |    18 ||    50
       Ration            |       |     1 |     2 |     3 ||     6
Armor: Skin              |    42 |    50 |    42 |    75 ||   209
Dodge: Dodged            |    74 |   102 |   104 |   211 ||   491
